 Dungeon Crawl Stone Soup version 0.25.1-1-g288607f (webtiles) character file.

Game seed: 4580040926860144593

3147 Jonnyslop the Thaumaturge (level 9, -4/45 HPs)
             Began as a Deep Elf Fire Elementalist on Dec 14, 2020.
             Was a Follower of Vehumet.
             Slain by an orc warrior
             ... wielding a +0 halberd
              (18 damage)
             ... on level 7 of the Dungeon.
             The game lasted 00:19:38 (7890 turns).

Jonnyslop the Thaumaturge (DEFE)                    Turns: 7890, Time: 00:19:38

Health: -4/45      AC: 12    Str:  5    XL:     9   Next: 62%
Magic:  8/24       EV: 13    Int: 24    God:    Vehumet [*.....]
Gold:   514        SH:  0    Dex: 15    Spells: 2/27 levels left

rFire    . . .     SeeInvis .   j - +3 dagger (venom)
rCold    . . .     Gourm    .   (no shield)
rNeg     . . .     Faith    .   a - +1 robe
rPois    .         Spirit   .   (no helmet)
rElec    .         Reflect  .   h - +0 cloak
rCorr    .         Harm     .   (no gloves)
MR       .....                  (no boots)
Stlth    ++........             (no amulet)
HPRegen  0.15/turn              e - +4 ring of protection
MPRegen  0.19/turn              o - +4 ring of protection

@: very slightly contaminated
A: no striking features
a: Renounce Religion


You were on level 7 of the Dungeon.
You worshipped Vehumet.
Vehumet was aware of your devotion.
You were not hungry.

You visited 2 branches of the dungeon, and saw 8 of its levels.

You collected 514 gold pieces.

Inventory:

Hand Weapons
 j - a +3 dagger of venom (weapon)
Armour
 a - a +1 robe (worn)
 h - a +0 cloak (worn)
Jewellery
 e - a +4 ring of protection (left hand)
 l - a +6 ring of intelligence
 o - a +4 ring of protection (right hand)
 q - an uncursed ring of resist corrosion
Wands
 r - a wand of disintegration (8)
 x - a wand of clouds (6)
 y - a wand of flame (12)
Scrolls
 b - 5 scrolls of identify
 i - 5 scrolls of remove curse
 k - a scroll of magic mapping
 m - 3 scrolls of enchant armour
 t - 2 scrolls of teleportation
 u - 2 scrolls of enchant weapon
 w - a scroll of vulnerability
Potions
 d - 2 potions of heal wounds
 f - a potion of berserk rage
 g - 4 potions of stabbing
 n - a potion of curing
 s - a potion of mutation
 v - a potion of haste
 A - a potion of flight
Comestibles
 c - 8 rations
 p - 6 chunks of flesh


   Skills:
 - Level 2.4 Dodging
 - Level 2.4 Stealth
 + Level 9.6 Spellcasting
 + Level 7.4 Conjurations
 + Level 8.5 Hexes
 + Level 8.1 Fire Magic


You had 2 spell levels left.
You knew the following spells:

 Your Spells              Type           Power        Failure   Level  Hunger
a - Foxfire               Conj/Fire      ####         1%          1    None
b - Conjure Flame         Conj/Fire      #####...     1%          3    None
c - Inner Flame           Hex/Fire       ######..     1%          3    None
d - Sticky Flame          Conj/Fire      #####...     2%          4    #......
e - Fireball              Conj/Fire      #####.....   6%          5    ####...
f - Searing Ray           Conj           #####.       1%          2    None
g - Fulminant Prism       Conj/Hex       #####.....   1%          4    #......
h - Dazzling Flash        Conj/Hex       #####.       1%          3    None

Your spell library contained the following spells:

 Spells                   Type           Power        Failure   Level  Hunger
 Shock                    Conj/Air       ####         1%          1    None
 Magic Dart               Conj           ####         1%          1    None
 Iskenderun's Mystic Bla  Conj/Tloc      ####....     12%         4    #......


Dungeon Overview and Level Annotations

Branches:
Dungeon (7/15)             Temple (1/1) D:5

Altars:
Ashenzari
Cheibriados
Dithmenos
Elyvilon
Fedhas
Gozag
Hepliaklqana
Kikubaaqudgha
Makhleb
Nemelex Xobeh
Okawaru
Qazlal
Ru
Sif Muna
Trog
Uskayaw
Vehumet
Wu Jian
Xom
Yredelemnul
Zin
The Shining One


Message History

The orc warrior burns!
Items here: ) [[ † a +0 leather armour; a +0 flail; a +0 chain mail; an orc corpse The orc warrior burns!
The orc warrior hits you from afar with a +0 halberd!
* * * LOW HITPOINT WARNING * * *
The orc warrior burns!
The orc warrior stops burning.
You see here a warg skeleton.
Things that are here:
a +0 dagger; a +0 mace
Casting: Sticky Flame (dangerous; 2% risk of failure)
Confirm with . or Enter, or press ? or * to list all spells.
Aiming: Searing Ray (safe; 1% risk of failure)
Press: ? - help, Shift-Dir - straight line, f/p - orc warrior
Aim: an orc warrior, wielding a +0 halberd and wearing a +0 plate armour (heavily wounded)
The searing ray hits the orc warrior.
The orc warrior is severely wounded. (Press . to maintain the ray.)
The orc warrior hits you from afar with a +0 halberd!!
You die...

#######+#...##..
#........#####..
#........+......
#........#######
#........# # #........#
# #........# #
##############........#
#.....)...o.@.........#
#.#####################
#÷# #####o#########
...............
≈≈≈≈....≈≈≈≈≈≈≈ ##
≈≈≈≈....≈≈≈≈≈≈≈ #.
≈≈≈≈....≈≈≈≈≈≈≈ #.
......[........ #.


You could see an orc warrior.

Vanquished Creatures
  Pikel (D:6)
  Prince Ribbit (D:6)
  Sigmund (D:3)
  Menkaure (D:6)
  4 wargs (D:7)
  A sky beast (D:7)
  An ice beast (D:6)
  An orc warrior (D:7)
  Purgy (D:3)
  A slave (D:6)
  3 ogres
  A centaur (D:6)
  A bullfrog (D:6)
  A wyvern skeleton (D:7)
  3 scorpions
  A howler monkey (D:5)
  2 crimson imps
  2 hounds
  An orc priest (D:7)
  A bullfrog skeleton (D:5)
  Ijyb (D:4)
  3 worker ants
  An iguana (D:4)
  7 orc wizards
  3 gnolls (D:6)
  11 adders
  2 shadow imps
  An ooze (D:3)
  An adder skeleton (D:4)
  2 worms
  A dart slug (D:3)
  7 leopard geckos
  31 orcs
  2 ball pythons
  8 giant cockroaches
  5 goblins
  9 hobgoblins
  9 jackals
  15 kobolds
  3 quokkas
  7 bats
  7 frilled lizards
  A jackal skeleton (D:5)
  2 quokka zombies
  8 rats
176 creatures vanquished.

Vanquished Creatures (others)
  714 foxfires
714 creatures vanquished.

Grand Total: 890 creatures vanquished

Notes
Turn   | Place    | Note
-------+----------+-------------------------------------------
     0 | D:1      | Jonnyslop the Deep Elf Fire Elementalist began the quest
                  | for the Orb.
     0 | D:1      | Reached XP level 1. HP: 10/10 MP: 6/6
    92 | D:1      | Reached XP level 2. HP: 15/15 MP: 0/8
   549 | D:1      | Found a snail-covered altar of Cheibriados.
   557 | D:1      | Reached skill level 4 in Spellcasting
   607 | D:1      | Reached XP level 3. HP: 13/19 MP: 2/10
   774 | D:1      | Learned a level 3 spell: Conjure Flame
   778 | D:1      | Learned a level 3 spell: Inner Flame
  1319 | D:2      | Reached skill level 1 in Hexes
  1429 | D:2      | Reached XP level 4. HP: 24/24 MP: 9/12
  1471 | D:2      | Learned a level 4 spell: Sticky Flame
  2032 | D:3      | Noticed Purgy
  2072 | D:3      | Found a hide-covered altar of Uskayaw.
  2093 | D:3      | Killed Purgy
  2093 | D:3      | Reached skill level 5 in Spellcasting
  2093 | D:3      | Reached XP level 5. HP: 27/28 MP: 3/14
  2212 | D:3      | Noticed Sigmund
  2332 | D:3      | Killed Sigmund
  2332 | D:3      | Reached XP level 6. HP: 32/32 MP: 8/16
  2799 | D:3      | Reached skill level 5 in Fire Magic
  2955 | D:3      | Learned a level 5 spell: Fireball
  3178 | D:4      | Noticed Ijyb
  3186 | D:4      | Killed Ijyb
  3186 | D:4      | Reached skill level 6 in Spellcasting
  3486 | D:4      | Reached XP level 7. HP: 36/36 MP: 14/18
  4486 | D:5      | Entered Level 5 of the Dungeon
  4624 | D:5      | Learned a level 2 spell: Searing Ray
  4950 | D:5      | Found a staircase to the Ecumenical Temple.
  4957 | Temple   | Entered the Ecumenical Temple
  5048 | Temple   | Became a worshipper of Vehumet
  5156 | D:5      | Reached skill level 5 in Hexes
  5692 | D:6      | Noticed Menkaure
  5699 | D:6      | Killed Menkaure
  5699 | D:6      | Reached skill level 7 in Spellcasting
  5699 | D:6      | Reached skill level 5 in Conjurations
  5699 | D:6      | Reached XP level 8. HP: 22/41 MP: 13/20
  6240 | D:6      | Noticed Pikel
  6249 | D:6      | Killed Pikel
  6249 | D:6      | Reached skill level 8 in Spellcasting
  6347 | D:6      | Noticed Prince Ribbit
  6353 | D:6      | Killed Prince Ribbit
  6565 | D:6      | Reached XP level 9. HP: 45/45 MP: 17/23
  6571 | D:6      | Reached * piety under Vehumet
  6571 | D:6      | Offered knowledge of Shock by Vehumet.
  6634 | D:6      | Learned a level 4 spell: Fulminant Prism
  6865 | D:7      | Learned a level 3 spell: Dazzling Flash
  7111 | D:7      | Found a radiant altar of Vehumet.
  7127 | D:7      | Reached skill level 9 in Spellcasting
  7890 | D:7      | Slain by an orc warrior

Illustrated notes

Levels and vault maps discovered:
D:1:      minmay_arrival_arboretum_small, layout_rooms, cheibriados_altar_1
D:2:      layout_basic
D:3:      layout_rooms, lemuel_crystal_altar, serial_bayou_pond_b,
          chequers_serial_rivers_micro_c, uniq_sigmund, uniq_purgy
D:4:      layout_basic, uniq_ijyb
D:5:      layout_loops_cross, minmay_temple_entry_mini_moons, first_ration,
          minmay_misc_feat_cross, fountainhead
D:6:      layout_basic, uniq_prince_ribbit1, uniq_pikel, uniq_menkaure
D:7:      lemuel_castle_with_subvaults [lemuel_castle_interior_carwin_1],
          layout_basic, vehumet_altar_wand_db
Temple:   dpeg_three_leaves_temple

Skill      XL: |  1  2  3  4  5  6  7  8  9 |
---------------+----------------------------+-----
Spellcasting   | 4 5 6 7 8 9 |  9.6
Conjurations   | 2 3 4 5 6 7 |  7.4
Hexes          | 1 2 3 4 5 7 8 |  8.5
Fire Magic     | 4 5 6 7 8 |  8.1
Dodging        | |  2.4
Stealth        | |  2.4

Action                   |  1- 3 |  4- 6 |  7- 9 || total
-------------------------+-------+-------+-------++-------
Melee: Dagger            |     2 |       |    21 ||    23
 Cast: Foxfire           |    85 |   121 |   261 ||   467
       Sticky Flame      |       |     1 |     3 ||     4
       Searing Ray       |       |       |     7 ||     7
       Conjure Flame     |       |       |     2 ||     2
  Use: Scroll            |       |       |    17 ||    17
  Eat: Chunk             |     1 |     7 |    13 ||    21
Armor: Robe              |     6 |    15 |    32 ||    53
Dodge: Dodged            |    17 |    24 |    53 ||    94
